 Dungeon Crawl Stone Soup version 0.27-a0-1502-g47ed6a6988 (webtiles) character file.

Game seed: 10247867020555484

10553 unlimited1921 the Carver (level 11, 0/92 HPs)
             Began as a Minotaur Fighter on July 8, 2021.
             Killed from afar by a shock serpent (22 damage)
             ... with a bolt of electricity
             ... on level 1 of the Snake Pit.
             The game lasted 02:22:34 (12229 turns).

unlimited1921 the Carver (Minotaur Fighter)        Turns: 12229, Time: 02:22:34

Health: 0/92       AC: 19    Str: 23    XL:     11   Next: 37%
Magic:  10/10      EV:  9    Int: 12    God:
Gold:   843        SH: 17    Dex: 10    Spells: 10/10 levels left

rFire    . . .     SeeInvis .   J - +2 scimitar (flame)
rCold    . . .     Faith    .   c - +0 kite shield
rNeg     . . .     Spirit   .   D - +0 plate armour
rPois    .         Reflect  +   (helmet restricted)
rElec    .         Harm     .   (no cloak)
rCorr    .         Rampage  .   Q - +1 pair of gloves
Will     .....                  l - +0 pair of boots
Stlth    ..........             B - amulet of reflection
HPRegen  0.25/turn              R - ring of the Sky {Fly Int+6 Stlth+}
MPRegen  0.12/turn              (no ring)

@: flying
A: horns 2, retaliatory headbutt, shaggy fur 1, sturdy frame 1
a: no special abilities


You were on level 1 of the Snake Pit.
You visited 3 branches of the dungeon, and saw 11 of its levels.
You also visited: Sewer.

You collected 1111 gold pieces.
You spent 268 gold pieces at shops.

Inventory:

Hand Weapons
 a - a +0 long sword
 i - a +0 hunting sling
 x - a +1 short sword of protection
 J - a +2 scimitar of flaming (weapon)
 N - a +0 falchion of draining
 U - a +0 whip of electrocution
Missiles
 f - 4 boomerangs (quivered)
 g - 272 stones
 w - 73 sling bullets
 y - 45 poisoned darts
Armour
 b - a +0 scale mail
 c - a +0 kite shield (worn)
 l - a +0 pair of boots (worn)
 q - a +0 helmet
 v - a +0 chain mail
 D - a +0 plate armour (worn)
 I - a +0 ring mail
 Q - a +1 pair of gloves (worn)
Jewellery
 n - a ring of protection from cold
 A - an amulet of magic regeneration
 B - an amulet of reflection (around neck)
 R - the ring of the Sky (left hand) {Fly Int+6 Stlth+}
   (You found it on level 5 of the Dungeon)

   [ring of intelligence]

   Int:       It affects your intelligence (+6).
   Fly:       It grants you flight.
   Stlth:     It makes you more stealthy.
 S - a ring of resist corrosion
 T - a ring of ice
Wands
 k - a wand of flame (23)
 p - a wand of charming (7)
 X - a wand of digging (6)
Scrolls
 e - 2 scrolls of noise
 r - 5 scrolls of teleportation
 s - a scroll of summoning
 t - a scroll of magic mapping
 z - a scroll of acquirement
 C - a scroll of enchant armour {unknown}
 E - a scroll of immolation
 G - 2 scrolls of amnesia
 H - a scroll of torment {unknown}
 M - 2 scrolls of fear
 P - 3 scrolls of blinking
 W - a scroll of vulnerability {unknown}
Potions
 d - 2 potions of might
 h - a potion of haste {unknown}
 j - a potion of mutation
 m - 8 potions of curing
 o - 3 potions of heal wounds
 u - 2 potions of attraction
 F - 2 potions of resistance


   Skills:
 - Level 7.3 Fighting
 - Level 12.1 Long Blades
 - Level 1.8 Throwing
 - Level 10.0 Armour
 * Level 7.6 Dodging
 - Level 1.3 Stealth
 - Level 11.1 Shields


You had 10 spell levels left.
You didn't know any spells.
Your spell library contained the following spells:

 Spells                   Type           Power      Damage    Failure   Level
 Foxfire                  Conj/Fire      0%         2x1d4     98%         1
 Conjure Flame            Conj/Fire      0%         6-21      100%        3
 Inner Flame              Hex/Fire       0%         N/A       100%        3
 Ozocubu's Armour         Ice            0%         N/A       100%        3
 Stone Arrow              Conj/Erth      0%         3d7       100%        3
 Animate Armour           Summ/Erth      0%         N/A       100%        4
 Ozocubu's Refrigeration  Ice            0%         4d5       100%        7
 Lehudib's Crystal Spear  Conj/Erth      0%         10d2      100%        8


Dungeon Overview and Level Annotations

Branches:
Dungeon (8/15)             Temple (0/1) D:7            Lair (2/6) D:8
 Shoals (0/4) Lair:2        Snake (1/4) Lair:2        Sewer (visited)

Altars:
Dithmenos
Kikubaaqudgha
Qazlal
Vehumet
Wu Jian

Shops:
D:3 *   D:7 (


Innate Abilities, Weirdness & Mutations

You have a pair of horns on your head.
You reflexively headbutt those who attack you in melee.
You are covered in fur. (AC +1)
Your movements are slightly less encumbered by armour. (ER -2)


Message History

Your headbutt misses the black mamba.
The black mamba is moderately wounded.
The black mamba bites you but does no damage. x2
You slash the black mamba! You burn the black mamba!
The black mamba is severely wounded.
The black mamba bites you but does no damage.
You block the shock serpent's attack. The black mamba bites you.
You are poisoned.
The black mamba poisons you!
Unknown command.
You feel very sick. The shock serpent closely misses you.
You riposte.
You barely miss the shock serpent. Your headbutt misses the shock serpent.
You feel very sick.
You slash the shock serpent! You burn the shock serpent.
The shock serpent is lightly wounded.
The shock serpent's electric aura discharges, shocking you!
You feel very sick. The shock serpent barely misses you.
You riposte.
You hit the shock serpent. You burn the shock serpent.
The shock serpent is moderately wounded.
You block the black mamba's attack.
You feel sick.
You feel sick. The black mamba closely misses you.
The shock serpent barely misses you.
You feel sick. You block the black mamba's attack.
You feel sick. You block the shock serpent's attack.
The black mamba closely misses you. You furiously retaliate!
You headbutt the black mamba!
You kill the black mamba!
You are too injured to fight recklessly!
You are too injured to fight recklessly!
You feel sick.
The shock serpent shoots out a bolt of lightning at you!
The bolt of electricity hits you!!
* * * LOW HITPOINT WARNING * * *
You feel better. The shock serpent barely misses you.
The shock serpent shoots out a bolt of lightning at you!
The bolt of electricity hits you!!
You die...

..############## .
..........^...#######.
#................. )
#..<@.S....N....##..
#.....)..N.###...$..
#................#..
...............[......
.............####....##
..#####...##### ....# .
#.#.. .#.. #..##.# ...
#.. . #.


You could see a shock serpent and 2 nagas.

Vanquished Creatures
  A dire elephant (Lair:2)
  A naga sharpshooter (Snake:1)
  Pikel (D:4)
  10 elephants (Lair:2)
  2 black mambas
  2 komodo dragons
  Grinder (D:4)
  4 blink frogs (Lair:2)
  A spriggan (Lair:2)
  A basilisk (Lair:2)
  2 nagas (Snake:1)
  6 water moccasins
  2 ice beasts
  A sky beast (D:4)
  2 necrophages
  A hornet zombie (D:5)
  An ogre (D:4)
  Blork the orc (D:5)
  3 kobold brigands (Sewer)
  4 bullfrogs
  A wyvern zombie (D:7)
  A wyvern skeleton (D:6)
  2 electric eels (Lair:2)
  A centaur zombie (D:7)
  A bullfrog zombie (D:5)
  4 hounds
  2 jellies (D:7)
  2 iguanas
  An orc wizard (D:7)
  A killer bee zombie (D:6)
  A hound skeleton (D:4)
  A howler monkey zombie (D:5)
  Robin (D:2)
  2 howler monkey skeletons (D:4)
  12 adders
  A river rat (D:4)
  A shadow imp (D:6)
  A white imp (D:5)
  An ufetubus (D:5)
  An adder zombie (D:5)
  A worm (D:3)
  3 dart slugs (D:2)
  14 orcs
  10 ball pythons
  6 bats
  12 endoplasms
  5 giant cockroaches
  5 hobgoblins
  9 jackals
  22 kobolds
  5 quokkas
  8 frilled lizards
  22 goblins
  10 rats
  2 bushes (D:3)
219 creatures vanquished.

Vanquished Creatures (others)
  A kobold (Sewer)
  78 fungi
  75 plants
154 creatures vanquished.

Grand Total: 373 creatures vanquished

Notes
Turn   | Place    | Note
-------+----------+-------------------------------------------
     0 | D:1      | unlimited1921 the Minotaur Fighter began the quest for the
                  | Orb.
     0 | D:1      | Reached XP level 1. HP: 19/19 MP: 0/0
   187 | D:1      | Reached XP level 2. HP: 27/27 MP: 1/1
   910 | D:1      | Reached XP level 3. HP: 27/33 MP: 2/2
  1040 | D:2      | Noticed Robin
  1054 | D:2      | Killed Robin
  1055 | D:2      | Reached skill level 3 in Long Blades
  1533 | D:2      | Reached XP level 4. HP: 40/41 MP: 3/3
  1739 | D:2      | Found a faded altar of an unknown god.
  2494 | D:3      | Reached skill level 5 in Shields
  2739 | D:3      | Reached XP level 5. HP: 45/47 MP: 4/4
  3099 | D:3      | Found Daopoys's Assorted Antiques.
  3368 | D:4      | Noticed an ogre
  3394 | D:4      | Killed an ogre
  3395 | D:4      | Reached skill level 4 in Long Blades
  3689 | D:4      | Reached XP level 6. HP: 53/53 MP: 5/5
  3766 | D:4      | Found a glowing drain.
  3816 | D:4      | Noticed a sky beast
  3826 | D:4      | Killed a sky beast
  3827 | D:4      | Reached skill level 5 in Armour
  3834 | Sewer    | Entered a sewer
  4170 | Sewer    | Reached skill level 5 in Fighting
  4262 | Sewer    | Reached XP level 7. HP: 53/61 MP: 6/6
  4430 | D:4      | Reached skill level 5 in Long Blades
  4550 | D:4      | Reached skill level 1 in Dodging
  4584 | D:4      | You fall into a shaft and drop 1 floor!
  4584 | D:5      | Entered Level 5 of the Dungeon
  4608 | D:5      | Identified the ring of the Sky {Fly Int+6 Stlth+}
  4632 | D:5      | Noticed Grinder
  4654 | D:5      | Reached skill level 6 in Long Blades
  4665 | D:5      | Paralysed by Grinder for 6 turns
  4684 | D:4      | Paralysed by Grinder for 5 turns
  4694 | D:4      | Killed Grinder
  4695 | D:4      | Reached XP level 8. HP: 40/69 MP: 7/7
  4932 | D:5      | Reached skill level 1 in Throwing
  4940 | D:5      | Noticed Pikel
  5305 | D:4      | Killed Pikel
  5306 | D:4      | Reached skill level 7 in Long Blades
  5995 | D:5      | Found an ornate altar of the Wu Jian Council.
  6011 | D:5      | Found a shadowy altar of Dithmenos.
  6022 | D:5      | Found a stormy altar of Qazlal.
  6102 | D:5      | Found an ancient bone altar of Kikubaaqudgha.
  6168 | D:5      | Noticed Blork the orc
  6179 | D:5      | Killed Blork the orc
  6554 | D:5      | Reached skill level 1 in Stealth
  6769 | D:6      | Reached XP level 9. HP: 72/75 MP: 8/8
  7472 | D:7      | Reached skill level 8 in Long Blades
  7542 | D:7      | Found a staircase to the Ecumenical Temple.
  7637 | D:7      | Found a radiant altar of Vehumet.
  7824 | D:7      | Gained mutation: You are covered in fur. (AC +1) [potion of
                  | mutation]
  7824 | D:7      | Gained mutation: You are dopey. (Int -2) [potion of
                  | mutation]
  7824 | D:7      | Gained mutation: You are agile. (Dex +2) [potion of
                  | mutation]
  7898 | D:7      | Lost mutation: You are agile. (Dex +2) [potion of mutation]
  7898 | D:7      | Lost mutation: You are dopey. (Int -2) [potion of mutation]
  7898 | D:7      | Gained mutation: Your movements are slightly less
                  | encumbered by armour. (ER -2) [potion of mutation]
  8190 | D:7      | Found Doraj's Hydra Hut.
  8192 | D:7      | Noticed a six-headed hydra
  8960 | D:7      | Bought a +2 scimitar of flaming for 268 gold pieces
  9099 | D:8      | Found a staircase to the Lair.
  9100 | D:8      | Noticed a komodo dragon
  9528 | D:7      | Killed a komodo dragon
  9529 | D:7      | Reached skill level 9 in Long Blades
  9704 | Lair:1   | Entered Level 1 of the Lair of Beasts
  9704 | Lair:1   | Noticed a komodo dragon
  9715 | Lair:1   | Killed a komodo dragon
  9846 | Lair:1   | Identified 2 scrolls of acquirement
  9868 | Lair:1   | You are sucked into a shaft and drop 1 floor!
 10067 | Lair:2   | Reached XP level 10. HP: 70/86 MP: 9/9
 10074 | Lair:2   | Reached skill level 10 in Long Blades
 10081 | Lair:2   | Reached skill level 10 in Shields
 10161 | Lair:2   | Noticed an elephant
 10178 | Lair:2   | Killed an elephant
 10346 | Lair:2   | Noticed an elephant
 10358 | Lair:2   | Killed an elephant
 10437 | Lair:2   | Acquired 592 gold pieces
 10523 | Lair:2   | Found a staircase to the Shoals.
 10529 | Lair:2   | Noticed a black mamba
 10535 | Lair:2   | Killed a black mamba
 10657 | Lair:2   | Noticed an elephant
 10672 | Lair:2   | Killed an elephant
 10673 | Lair:2   | Reached skill level 11 in Long Blades
 10851 | Lair:2   | Noticed an elephant
 10861 | Lair:2   | Killed an elephant
 10908 | Lair:2   | Found a staircase to the Snake Pit.
 10925 | Lair:2   | Noticed an elephant
 10942 | Lair:2   | Killed an elephant
 11034 | Lair:2   | Noticed an elephant
 11049 | Lair:2   | Killed an elephant
 11215 | Lair:2   | Noticed an elephant
 11225 | Lair:2   | Killed an elephant
 11226 | Lair:2   | Reached skill level 5 in Dodging
 11253 | Lair:2   | Noticed an elephant
 11265 | Lair:2   | Killed an elephant
 11286 | Lair:2   | Noticed a dire elephant
 11617 | Lair:2   | Killed a dire elephant
 11618 | Lair:2   | Reached XP level 11. HP: 72/92 MP: 10/10
 11733 | Lair:2   | Reached skill level 12 in Long Blades
 11804 | Lair:2   | Reached skill level 10 in Armour
 12144 | Snake:1  | Entered Level 1 of the Snake Pit
 12212 | Snake:1  | Noticed a naga sharpshooter
 12215 | Snake:1  | Noticed a shock serpent
 12216 | Snake:1  | Killed a naga sharpshooter
 12229 | Snake:1  | Killed from afar by a shock serpent

Illustrated notes

Levels and vault maps discovered:
D:1:      psy_arrival_radial02, layout_loops_corners,
          chequers_serial_rivers_small_b
D:2:      layout_basic, ebering_ecumenical_altar_box, minmay_mini_jars,
          uniq_robin
D:3:      layout_loops_corners, serial_shops, nicolae_shop_trees, serial_forest,
          infiniplex_forest_clump_tiny, infiniplex_forest_clump_small,
          infiniplex_forest_clump_long, infiniplex_forest_lined_3
D:4:      layout_cave_pools, portal_sewer_entry_b
D:5:      layout_basic, nicolae_overflow_crystal_walls,
          minmay_overflow_temple_star_quad, uniq_grinder, uniq_pikel,
          uniq_blork_the_orc
D:6:      layout_loops_cross
D:7:      layout_gridville, vehumet_altar_wand_db, temple_doors_e,
          minmay_liquid_box, doesnt_shop_hydraphobe
D:8:      layout_gridville, nicolae_ru_the_path_less_chosen,
          mainiacjoe_overflow_catwalk, david_lair_shrubbed, serial_shops, shop,
          gammafunk_ghost_grave
Lair:1:   layout_loops_ring
Lair:2:   mu_elephants_graveyard, layout_gridlike, elwin_shoals_entry_rocks
Snake:1:  layout_rooms, drop_trap, hangedman_snake_corridor_split,
          uniq_asterion, uniq_aizul

Skill      XL: |  1  2  3  4  5  6  7  8  9 10 11 |
---------------+----------------------------------+-----
Fighting       | 4 5 7 |  7.3
Shields        | 4 5 6 7 8 9 10 11 | 11.1
Armour         | 4 5 7 8 9 10 | 10.0
Long Blades    | 3 4 6 7 9 11 12 | 12.1
Dodging        | 1 2 5 7 |  7.6
Throwing       | 1 |  1.8
Stealth        | 1 |  1.3

Action                   |  1- 3 |  4- 6 |  7- 9 | 10-12 || total
-------------------------+-------+-------+-------+-------++-------
Melee: Long sword        |    85 |   311 |     1 |       ||   397
       Headbutt          |    14 |    65 |    67 |    47 ||   193
       Falchion          |       |       |   306 |       ||   306
       Scimitar          |       |       |    45 |   148 ||   193
Throw: Dart              |       |     2 |    16 |       ||    18
       Boomerang         |       |       |    15 |    52 ||    67
Evoke: Wand              |       |       |     4 |       ||     4
  Use: Potion            |     1 |     4 |     5 |     4 ||    14
       Scroll            |       |     5 |     8 |     4 ||    17
Armor: Scale mail        |    54 |    38 |       |       ||    92
       Plate armour      |       |    53 |   121 |    56 ||   230
Dodge: Dodged            |    25 |    37 |    42 |    34 ||   138
Block: Kite shield       |    68 |   229 |   264 |   118 ||   679
       Reflection        |       |    13 |       |     4 ||    17
       Rpst.: Long sword |     8 |     6 |       |       ||    14
       Falchion          |       |       |     9 |       ||     9
       Scimitar          |       |       |     3 |     7 ||    10

Table legend: (Time is in decaauts)
 A = Elapsed time spent in this place.
 B = Non-inter-level travel time spent in this place.
 C = Inter-level travel time spent in this place.
 D = Time resting spent in this place.
 E = Time spent auto-exploring this place.
 F = Levels seen in this place.
 G = Mean time per level.
                   A        B        C        D        E       F      G
               +--------+--------+--------+--------+--------+-----+--------+
         Total |  12508 |   6258 |   6250 |   3315 |      0 |  12 | 1042.3 |
       Dungeon |   9316 |   3671 |   5645 |   1645 |      0 |   8 | 1164.5 |
          Lair |   2448 |   1852 |    596 |   1476 |      0 |   2 | 1224.0 |
     Snake Pit |     84 |     75 |      9 |     44 |      0 |   1 |   84.0 |
         Sewer |    658 |    658 |      0 |    150 |      0 |   1 |  658.0 |
               +--------+--------+--------+--------+--------+-----+--------+

Top non-repeatable levels by time:
     D:7: 2137 daAuts
  Lair:2: 2045 daAuts
     D:3: 1756 daAuts
     D:1: 1357 daAuts
     D:4: 1321 daAuts
     D:5: 1271 daAuts
     D:6: 818 daAuts
   Sewer: 658 daAuts
     D:2: 544 daAuts
  Lair:1: 403 daAuts
     D:8: 108 daAuts
 Snake:1: 84 daAuts
